 Dungeon Crawl Stone Soup version 0.31-a0-233-g139696dc86 (webtiles) character file.

Game seed: 18307740101769335614

105 timneilson the Slasher (level 4, -1/35 HPs)
             Began as a Demonspawn Gladiator on July 10, 2023.
             Slain by a gnoll
             ... wielding a +0 flail
              (4 damage)
             ... on level 3 of the Dungeon.
             The game lasted 00:03:36 (1475 turns).

timneilson the Slasher (Demonspawn Gladiator)       Turns: 1475, Time: 00:03:37

Health: -1/35      AC: 13    Str: 14    XL:     4   Next: 53%
Magic:  4/4        EV:  8    Int: 10    God:
Gold:   860        SH:  0    Dex: 16    Spells: 3/3 levels left

rFire   . . .        a - +0 long sword
rCold   . . .        (no shield)
rNeg    . . .        k - +0 chain mail
rPois   .            c - +0 helmet
rElec   .            m - +1 cloak
rCorr   .            (no gloves)
SInv    .            g - +0 pair of boots
Will    .....        (no amulet) Stlth
                     (no ring)
HPRegen 0.25/turn    (no ring)
MPRegen 0.18/turn

%: no passive effects
@: no status effects
A: rugged brown scales 1, foul stench 1, magic regeneration
a: no special abilities


You were on level 3 of the Dungeon.
You visited 1 branch of the dungeon, and saw 3 of its levels.

You collected 860 gold pieces.

Inventory:

Hand Weapons
 a - a +0 long sword (weapon)
Missiles
 d - 3 throwing nets (quivered)
 e - a javelin
Armour
 c - a +0 helmet (worn)
 g - a +0 pair of boots (worn)
 k - a +0 chain mail (worn)
 m - a +1 cloak (worn)
Jewellery
 l - an amulet of reflection
 n - a +4 ring of protection
Scrolls
 q - a scroll of blinking
Potions
 b - a potion of attraction
 f - 2 potions of heal wounds
 h - a potion of invisibility {unknown}
 i - a potion of berserk rage
 j - a potion of haste {unknown}
 o - a potion of might {unknown}
 p - a potion of curing {unknown}


   Skills:
 + Level 2.5 Fighting
 * Level 3.4 Long Blades
 - Level 1.7 Throwing
 * Level 1.9 Armour
 * Level 3.4 Dodging


You had 3 spell levels left.
You didn't know any spells.
Your spell library contained the following spells:

 Spells                   Type           Power      Damage    Failure   Level
 Storm Form               Tmut/Air       0%         N/A       100%        7
 Maxwell's Capacitive Co  Air            0%         ∞         100%        8


Dungeon Overview and Level Annotations

Branches:
Dungeon (3/15)

Altars:
Nemelex Xobeh

Shops:
D:2 *


Innate Abilities, Weirdness & Mutations

You are partially covered in rugged brown scales. (AC +1, +3% HP)
You may rarely emit foul miasma when damaged in melee.
You regenerate magic rapidly.


Message History

The gnoll shouts!
A gnoll comes into view. It is wielding a +0 flail.
The gnoll moves out of view.
You hit the gnoll.
The gnoll is moderately wounded.
The gnoll hits you with a +0 whip.
You hit the gnoll.
The gnoll is severely wounded.
The gnoll hits you but does no damage.
You barely miss the gnoll.
The gnoll is severely wounded.
The gnoll barely misses you.
You hit the gnoll.
The gnoll is severely wounded.
The gnoll barely misses you.
A gnoll comes into view. It is wielding a +0 flail.
The gnoll hits you but does no damage. The gnoll barely misses you.
The gnoll hits you with a +0 whip!
You barely miss the gnoll.
The gnoll is severely wounded.
The gnoll shouts!
The gnoll hits you with a +0 whip. The gnoll hits you but does no damage.
The gnoll shouts!
You hit the gnoll.
You kill the gnoll!
The gnoll hits you from afar with a +0 spear.
Things that are here:
a +0 whip; a gnoll corpse You hit the gnoll.
The gnoll is heavily wounded.
The gnoll hits you but does no damage. The gnoll hits you with a +0 spear!
You slash the gnoll!
You kill the gnoll!
The gnoll hits you with a +0 flail.
* * * LOW HITPOINT WARNING * * *
The gnoll hits you but does no damage.
You barely miss the gnoll. The gnoll hits you with a +0 flail.
* * * LOW HITPOINT WARNING * * *
You emit a cloud of foul miasma!
The gnoll hits you with a +0 flail.
You die...

#g #. #. ##.
#..#### ###
#.....# #..
#.##..# #.## #
#....g#####..#.#
####.g@.)....#.###
#..####>.......
##........#.##.
######...# #..†#
#...# #...# #
#...#.#.###
######..........


You could see 2 gnolls.

Vanquished Creatures
  Natasha (D:2)
  2 gnolls (D:3)
  An adder (D:3)
  2 worms (D:2)
  A dart slug (D:2)
  7 endoplasms
  A giant cockroach (D:2)
  3 goblins (D:1)
  A hobgoblin (D:1)
  5 kobolds (D:2)
  3 quokkas
  4 ball pythons
  5 bats
  7 frilled lizards
  3 rats
46 creatures vanquished.

Notes
Turn   | Place    | Note
-------+----------+-------------------------------------------
     0 | D:1      | timneilson the Demonspawn Gladiator began the quest for the
                  | Orb.
     0 | D:1      | Reached XP level 1. HP: 16/16 MP: 1/1
   119 | D:1      | Found a faded altar of an unknown god.
   225 | D:1      | Gained mutation: You regenerate magic rapidly. [demonic
                  | ancestry]
   225 | D:1      | Reached XP level 2. HP: 14/22 MP: 2/2
   549 | D:1      | Identified a scroll of acquirement
   549 | D:1      | Acquired 752 gold pieces
   573 | D:2      | Reached skill level 1 in Armour
   719 | D:2      | Gained mutation: You are partially covered in rugged brown
                  | scales. (AC +1, +3% HP) [demonic ancestry]
   719 | D:2      | Reached XP level 3. HP: 22/27 MP: 3/3
   836 | D:2      | Found Raqitt's General Store.
   929 | D:2      | Noticed Natasha
   943 | D:2      | Killed Natasha
  1162 | D:2      | Gained mutation: You may rarely emit foul miasma when
                  | damaged in melee. [demonic ancestry]
  1162 | D:2      | Reached XP level 4. HP: 31/35 MP: 4/4
  1418 | D:3      | Found a sparkling altar of Nemelex Xobeh.
  1475 | D:3      | Slain by a gnoll

Illustrated notes

Levels and vault maps discovered:
D:1:      dpeg_arrival_orchard, layout_basic, hellmonk_ecumenical_altar_blasted,
          minmay_distorted
D:2:      layout_loops_ring, serial_shops, nicolae_shop_tiny_statue_garden,
          kennysheep_donut, uniq_natasha
D:3:      layout_basic, nicolae_overflow_crystal_walls,
          mainiacjoe_overflow_cross_hatched, nicolae_overflow_hidden_temple,
          kennysheep_cross_bottleneck, roderic_filled_cross

Skill      XL: |  1  2 |
---------------+-------+-----
Long Blades    | 3 |  3.4
Armour         | 1 |  1.9
Dodging        | 3 |  3.4
Fighting       | |  2.5
Throwing       | |  1.7

Action                     |  1- 3 |  4- 6 || total
---------------------------+-------+-------++-------
  Melee: Long sword        |   108 |    28 ||   136
         Punch             |     1 |       ||     1
    Use: Scroll            |     3 |     3 ||     6
 Armour: Leather armour    |     8 |       ||     8
         Chain mail        |    56 |    19 ||    75
  Dodge: Dodged            |    49 |    12 ||    61

Table legend: (Time is in decaauts)
 A = Elapsed time spent in this place.
 B = Non-inter-level travel time spent in this place.
 C = Inter-level travel time spent in this place.
 D = Time resting spent in this place.
 E = Time spent auto-exploring this place.
 F = Levels seen in this place.
 G = Mean time per level.
                   A        B        C        D        E       F      G
               +--------+--------+--------+--------+--------+-----+--------+
         Total |   1517 |   1494 |     23 |      0 |    999 |   3 |  505.7 |
       Dungeon |   1517 |   1494 |     23 |      0 |    999 |   3 |  505.7 |
               +--------+--------+--------+--------+--------+-----+--------+

Top non-repeatable levels by time:
     D:2: 814 daAuts
     D:1: 563 daAuts
     D:3: 138 daAuts
